 Dungeon Crawl Stone Soup version 0.14-a0-102-g2341383 (webtiles) character file.

96 JacquesDerrida the Grave Robber (level 2, 0/19 HPs)
             Began as a Demonspawn Necromancer on Oct 3, 2013.
             Slain by a hobgoblin (4 damage)
             ... on Level 2 of the Dungeon.
             The game lasted 00:03:59 (1576 turns).

JacquesDerrida the Grave Robber (DsNe)              Turns: 1576, Time: 00:04:00

HP   0/19        AC  4     Str 13      XL: 2   Next: 62%
MP   1/4         EV 17     Int 21      God:
Gold 75          SH  0     Dex 18      Spells:  2 memorised,  1 level left

Res.Fire  : . . .   See Invis. : .   i - +1,+2 dagger
Res.Cold  : . . .   Warding    : .   a - +0 robe
Life Prot.: . . .   Conserve   : .   (no shield)
Res.Poison: .       Res.Corr.  : .   (no helmet)
Res.Elec. : .       Clarity    : .   (no cloak)
Sust.Abil.: . .     Spirit.Shd : .   (no gloves)
Res.Mut.  : .       Stasis     : .   (no boots)
Res.Rott. : .       Flight     : .   (no amulet)
Saprovore : . . .                    (no ring)
                                     (no ring)

@: mighty, brilliant, agile, not resistant to hostile enchantments, quite
stealthy
A: AC +2
a: no special abilities


You were on level 2 of the Dungeon.
You were not hungry.

You visited 1 branch of the dungeon, and saw 2 of its levels.

You collected 55 gold pieces.

Inventory:

Hand weapons
 g - a +0,+0 long sword
 i - a +1,+2 dagger (weapon)
Missiles
 l - 5 silver darts (quivered)
Armour
 a - a +0 robe (worn)
Comestibles
 c - a bread ration
 j - a choko
 n - an apple
Scrolls
 d - a scroll of enchant weapon I {unknown}
 k - a scroll of blinking {unknown}
Potions
 f - a potion of might
 h - a potion of curing {unknown}
Books
 b - a book of Necromancy

   Spells                             Type                      Level
   *Pain                              Necromancy                   1
   *Animate Skeleton                  Necromancy                   1
   Lethal Infusion                    Charms/Necromancy            2
   Vampiric Draining                  Necromancy                   3
   Regeneration                       Charms/Necromancy            3
   Animate Dead                       Necromancy                   4
   Control Undead                     Necromancy                   4


   Skills:
 - Level 2.0 Fighting
 - Level 1.7 Dodging
 - Level 1.7 Stealth
 + Level 1.4 Spellcasting
 - Level 4.3 Necromancy


You had one spell level left.
You knew the following spells:

 Your Spells              Type           Power        Failure   Level  Hunger
a - Pain                  Necr           ####         1%          1    #......
b - Animate Skeleton      Necr           N/A          1%          1    #......


Dungeon Overview and Level Annotations

Branches:
Dungeon (2/27)

Altars:


Innate Abilities, Weirdness & Mutations

You are partially covered in thin metallic scales (AC +2).


Message History

Your rat skeleton misses the adder.
The adder bites you.
* * * LOW HITPOINT WARNING * * *
The adder bites your rat skeleton.
Your rat skeleton misses the adder.
Drink which item? (? for menu, Esc to quit)
You feel very mighty all of a sudden.
It was a potion of might.
The adder bites your rat skeleton.
The hobgoblin hits you but does no damage.
Drink which item? (? for menu, Esc to quit)
You feel more agile all of a sudden.
It was a potion of agility.
The adder bites your rat skeleton.
Your rat skeleton bites the adder but does no damage.
The hobgoblin closely misses you.
The adder completely misses your rat skeleton.
Drink which item? (? for menu, Esc to quit)
You feel more clever all of a sudden.
It was a potion of brilliance.
Your rat skeleton completely misses the adder.
The adder barely misses your rat skeleton.
The hobgoblin hits you.
You die...

. #.# #......# #...#..
#.#####.###......###z..#..
...........+...............
##.......#.#......#.....#..
#..>.......#......#.....#..
.#..........+......#.....#..
.'..........#......###...#..
.#.......Sg.#......###...###
#........z@#.............
###'####.#.#.............. #
...#.######.........
#######.######.........#
........<...<.z..........
########################
##≈##≈≈#P'....#P..P≈##
#≈≈≈#≈≈#.#....#..P≈≈##
#≈≈≈#≈≈#.######.≈≈≈##.


You could see an adder, a hobgoblin and a friendly rat skeleton.

Vanquished Creatures
  An ooze (D:2)
  6 bats (D:1)
  A hobgoblin (D:2)
  A giant newt (D:1)
  4 kobolds
  5 rats
18 creatures vanquished.

Vanquished Creatures (collateral kills)
  A goblin (D:1)
  A hobgoblin (D:1)
  2 bats (D:1)
  A giant newt (D:1)
5 creatures vanquished.

Vanquished Creatures (others)
  A bat skeleton (D:1)
  A hobgoblin skeleton (D:2)
2 creatures vanquished.

Grand Total: 25 creatures vanquished

Notes
Turn   | Place    | Note
--------------------------------------------------------------
     0 | D:1      | JacquesDerrida, the Demonspawn Necromancer, began the quest for the Orb.
     0 | D:1      | Reached XP level 1. HP: 13/13 MP: 3/3
   260 | D:1      | Learned a level 1 spell: Animate Skeleton
   368 | D:1      | Reached skill level 1 in Fighting
   695 | D:1      | Gained mutation: You are partially covered in thin metallic scales (AC +2). [demonic ancestry]
   695 | D:1      | Reached XP level 2. HP: 14/19 MP: 4/4
  1576 | D:2      | Slain by a hobgoblin

Action                   || total
-------------------------++-------
Melee: Unarmed           ||    43
       Dagger            ||    34
 Cast: Pain              ||    14
       Animate Skeleton  ||     9
  Use: Potion            ||     3
 Stab: Sleeping          ||     1
